| TOP OF THE 1ST |
|
Kansas City Royals batting - Pitching for Cleveland Guardians : RHP Jose Y. Nunez
|
|
Pitching: RHP Jose Y. Nunez
|
|
|
Batting: RHB Jesús Martínez
|
0-0: DOUBLE (Line Drive, 9LD, EV 101.3 MPH)
|
|
Batting: LHB Forrest Wall
|
0-0: Swinging Strike 0-1: Ball 1-1: Ball 2-1: Called Strike 2-2: Foul Ball, location: 2F 2-2: SINGLE (Line Drive, 78M, EV 98.1 MPH) Jesús Martínez to third Runner from 3rd tries for Home, SAFE, throw by LF to home
|
|
Batting: RHB Dave García
|
0-0: SINGLE (Line Drive, 89S, EV 98.1 MPH) Forrest Wall to second Runner from 2nd tries for 3rd, SAFE, throw by RF made to third
|
|
Batting: SHB Edgardo Medina
|
0-0: Foul Ball, location: 2F 0-1: Ball 1-1: Called Strike 1-2: Strikes out swinging
|
|
Batting: RHB Jorge Palmeiro
|
0-0: Ground out 5-3 (Groundball, 56, EV 105.0 MPH) Forrest Wall scores Dave García to second
|
|
Batting: SHB Ismaldo Rodriguez
|
0-0: Swinging Strike 0-1: Ball 1-1: Ball 2-1: Fly out, F5 (Popup, 25, EV 92.5 MPH)
|
| Top of the 1st over - 2 runs, 3 hits, 0 errors, 1 left on base; Kansas City 2 - Cleveland 0 |
| BOTTOM OF THE 1ST |
|
Cleveland Guardians batting - Pitching for Kansas City Royals : LHP Colin Rodgers
|
|
Pitching: LHP Colin Rodgers
|
|
|
Batting: RHB Jesús Castro
|
0-0: Fly out, F8 (Line Drive, 8RS, EV 102.5 MPH)
|
|
Batting: RHB Juan Martínez
|
0-0: Swinging Strike 0-1: Ball 1-1: Ball 2-1: Called Strike 2-2: Ball 3-2: Foul Ball, location: 2F 3-2: Foul Ball, location: 5F 3-2: Hit by Pitch
|
|
Batting: RHB Ernie Jones
|
0-0: Ball 1-0: Called Strike 1-1: Foul Ball, location: 2F 1-2: Grounds into double play, 5-4-3 (Groundball, 56, EV 89.4 MPH)
|
| Bottom of the 1st over - 0 runs, 0 hits, 0 errors, 0 left on base; Kansas City 2 - Cleveland 0 |
| TOP OF THE 2ND |
|
Kansas City Royals batting - Pitching for Cleveland Guardians : RHP Jose Y. Nunez
|
|
Batting: SHB Raul Mondesi
|
0-0: Called Strike 0-1: Ball 1-1: Ball 2-1: Fly out, F2 (Popup, 23F, EV 75.6 MPH)
|
|
Batting: RHB Josh Sargent
|
0-0: Swinging Strike 0-1: Foul Ball, location: 23F 0-2: Strikes out swinging
|
|
Batting: RHB Wilfredo Rodriguez
|
0-0: Ball 1-0: SINGLE (Groundball, 6MD, EV 110.0 MPH)
|
|
Batting: RHB Jesús Martínez
|
0-0: Ball 1-0: Swinging Strike 1-1: Ball 2-1: Swinging Strike 2-2: Fielders Choice at 2nd, 6-4 (Groundball, 56, EV 105.6 MPH)
|
| Top of the 2nd over - 0 runs, 1 hit, 0 errors, 1 left on base; Kansas City 2 - Cleveland 0 |
| BOTTOM OF THE 2ND |
|
Cleveland Guardians batting - Pitching for Kansas City Royals : LHP Colin Rodgers
|
|
Batting: RHB Vladimir Guerrero Jr.
|
0-0: Fly out, F9 (Flyball, 9LM, EV 83.8 MPH)
|
|
Batting: RHB Liam Thompson
|
0-0: Called Strike 0-1: Fly out, F9 (Flyball, 9S, EV 84.4 MPH)
|
|
Batting: RHB Juan González
|
0-0: Fly out, F4 (Popup, 4S, EV 87.5 MPH)
|
| Bottom of the 2nd over - 0 runs, 0 hits, 0 errors, 0 left on base; Kansas City 2 - Cleveland 0 |
| TOP OF THE 3RD |
|
Kansas City Royals batting - Pitching for Cleveland Guardians : RHP Jose Y. Nunez
|
|
Batting: LHB Forrest Wall
|
0-0: Called Strike 0-1: Ball 1-1: Foul Ball, location: 2F 1-2: Ball 2-2: Foul Ball, location: 5F 2-2: Foul Ball, location: 2F 2-2: Strikes out swinging
|
|
Batting: RHB Dave García
|
0-0: Swinging Strike 0-1: Foul Ball, location: 2F 0-2: Ball 1-2: Ball 2-2: SINGLE (Line Drive, 4D, EV 96.3 MPH)
|
|
Batting: SHB Edgardo Medina
|
0-0: Ball 1-0: Foul Ball, location: 2F 1-1: Called Strike Dave García steals 2nd base 1-2: Ball 2-2: DOUBLE (Flyball, 78D, EV 96.3 MPH) Dave García scores
|
|
Batting: RHB Jorge Palmeiro
|
0-0: Fly out, F9 (Line Drive, 9, EV 86.9 MPH)
|
|
Batting: SHB Ismaldo Rodriguez
|
0-0: Called Strike 0-1: Ball 1-1: Ball 2-1: SINGLE (Line Drive, 8LS, EV 103.1 MPH) Edgardo Medina to third Runner from 3rd tries for Home, SAFE, throw by CF to home Ismaldo Rodriguez to second
|
|
Batting: SHB Raul Mondesi
|
0-0: Foul Ball, location: 2F 0-1: Ball 1-1: Ball 2-1: Called Strike 2-2: Foul Ball, location: 5SF 2-2: Fly out, F6 (Popup, 15, EV 87.5 MPH)
|
| Top of the 3rd over - 2 runs, 3 hits, 0 errors, 1 left on base; Kansas City 4 - Cleveland 0 |
| BOTTOM OF THE 3RD |
|
Cleveland Guardians batting - Pitching for Kansas City Royals : LHP Colin Rodgers
|
|
Batting: LHB José Álvarez
|
0-0: DOUBLE (Line Drive, 7LM, EV 108.8 MPH)
|
|
Batting: RHB Ben Ramsey
|
0-0: Ground out 3-1 (Groundball, 34, EV 104.4 MPH) José Álvarez to third
|
|
Batting: LHB Joe Young
|
0-0: Fly out, F8 (Flyball, 8LD, EV 111.3 MPH) Runner from 3rd tags up, SCORES, no throw by CF
|
|
Batting: RHB Jesús Castro
|
0-0: Fly out, F8 (Flyball, 8LD, EV 111.3 MPH)
|
| Bottom of the 3rd over - 1 run, 1 hit, 0 errors, 0 left on base; Kansas City 4 - Cleveland 1 |
| TOP OF THE 4TH |
|
Kansas City Royals batting - Pitching for Cleveland Guardians : RHP Jose Y. Nunez
|
|
Batting: RHB Josh Sargent
|
0-0: Ground out 5-3 (Groundball, 56, EV 91.3 MPH)
|
|
Batting: RHB Wilfredo Rodriguez
|
0-0: SINGLE (Groundball, 4MD, EV 101.9 MPH)
|
|
Batting: RHB Jesús Martínez
|
0-0: Hit by Pitch Wilfredo Rodriguez to second
|
|
Batting: LHB Forrest Wall
|
0-0: Ball 1-0: SINGLE (Groundball, 5S, EV 75.0 MPH) (infield hit) Wilfredo Rodriguez to third Jesús Martínez to second
|
|
Batting: RHB Dave García
|
0-0: Ball 1-0: Foul Ball, location: 2F 1-1: Foul Ball, location: 25F 1-2: Ball 2-2: SINGLE (Groundball, 34, EV 86.9 MPH) Wilfredo Rodriguez scores Jesús Martínez to third Forrest Wall to second Runner from 3rd tries for Home, throw by RF and OUT! 9-3-2 Forrest Wall to third Dave García to second
|
|
Pitching: RHP Francellis Montas
|
|
|
Batting: SHB Edgardo Medina
|
0-0: 3-RUN HOME RUN (Flyball, 78XD, EV 100.6 MPH), Distance : 393 ft
|
|
Batting: RHB Jorge Palmeiro
|
0-0: Swinging Strike 0-1: Ball 1-1: Ball 2-1: Fly out, F4 (Popup, 34, EV 75.0 MPH)
|
| Top of the 4th over - 4 runs, 4 hits, 0 errors, 0 left on base; Kansas City 8 - Cleveland 1 |
| BOTTOM OF THE 4TH |
|
Cleveland Guardians batting - Pitching for Kansas City Royals : LHP Colin Rodgers
|
|
Batting: RHB Juan Martínez
|
0-0: Ball 1-0: Fly out, F3 (Popup, 3F, EV 73.8 MPH)
|
|
Batting: RHB Ernie Jones
|
0-0: Ground out 6-3 (Groundball, 6, EV 83.8 MPH)
|
|
Batting: RHB Vladimir Guerrero Jr.
|
0-0: Ball 1-0: Swinging Strike 1-1: Ball 2-1: Foul Ball, location: 5F 2-2: Fly out, F8 (Line Drive, 8RS, EV 89.4 MPH)
|
| Bottom of the 4th over - 0 runs, 0 hits, 0 errors, 0 left on base; Kansas City 8 - Cleveland 1 |
| TOP OF THE 5TH |
|
Kansas City Royals batting - Pitching for Cleveland Guardians : RHP Francellis Montas
|
|
Batting: SHB Ismaldo Rodriguez
|
0-0: Ball 1-0: Foul Ball, location: 9LDF 1-1: Ball 2-1: Swinging Strike 2-2: Ball 3-2: Foul Ball, location: 7LDF 3-2: Fly out, F6 (Popup, 6S, EV 62.5 MPH)
|
|
Batting: SHB Raul Mondesi
|
0-0: Called Strike 0-1: Called Strike 0-2: Ball 1-2: Foul Ball, location: 2F 1-2: Ball 2-2: Ball 3-2: Foul Ball, location: 3F 3-2: Foul Ball, location: 9LDF 3-2: Foul Ball, location: 9LMF 3-2: Strikes out swinging
|
|
Batting: RHB Josh Sargent
|
0-0: Foul Ball, location: 5F 0-1: Ground out 5-3 (Groundball, 5S, EV 66.3 MPH)
|
| Top of the 5th over - 0 runs, 0 hits, 0 errors, 0 left on base; Kansas City 8 - Cleveland 1 |
| BOTTOM OF THE 5TH |
|
Cleveland Guardians batting - Pitching for Kansas City Royals : LHP Colin Rodgers
|
|
Batting: RHB Liam Thompson
|
0-0: Called Strike 0-1: Foul Ball, location: 25F 0-2: Ground out 6-3 (Groundball, 6, EV 89.4 MPH)
|
|
Batting: RHB Juan González
|
0-0: Fly out, F6 (Line Drive, 6, EV 69.4 MPH)
|
|
Batting: LHB José Álvarez
|
0-0: Ball 1-0: Ball 2-0: Ball 3-0: Called Strike 3-1: Fly out, F9 (Flyball, 89S, EV 95.0 MPH)
|
| Bottom of the 5th over - 0 runs, 0 hits, 0 errors, 0 left on base; Kansas City 8 - Cleveland 1 |
| TOP OF THE 6TH |
|
Kansas City Royals batting - Pitching for Cleveland Guardians : RHP Francellis Montas
|
|
Batting: RHB Wilfredo Rodriguez
|
0-0: Called Strike 0-1: Swinging Strike 0-2: Ball 1-2: Ball 2-2: Foul Ball, location: 9LDF 2-2: Ball 3-2: Strikes out swinging
|
|
Pitching: RHP Kenley Jansen
|
|
|
Batting: RHB Jesús Martínez
|
0-0: Ground out U3 (Groundball, 34, EV 103.1 MPH)
|
|
Batting: LHB Forrest Wall
|
0-0: Ground out 6-3 (Groundball, 6, EV 88.8 MPH)
|
| Top of the 6th over - 0 runs, 0 hits, 0 errors, 0 left on base; Kansas City 8 - Cleveland 1 |
| BOTTOM OF THE 6TH |
|
Cleveland Guardians batting - Pitching for Kansas City Royals : LHP Colin Rodgers
|
|
Batting: RHB Ben Ramsey
|
0-0: Ball 1-0: Foul Ball, location: 2F 1-1: Foul Ball, location: 2F 1-2: Foul Ball, location: 7LMF 1-2: Foul Ball, location: 2F 1-2: Foul Ball, location: 3SF 1-2: Foul Ball, location: 9LSF 1-2: Hit by Pitch
|
|
Batting: LHB Joe Young
|
0-0: Called Strike 0-1: Swinging Strike 0-2: Ball 1-2: Strikes out swinging
|
|
Batting: RHB Jesús Castro
|
0-0: Foul Ball, location: 5F 0-1: Swinging Strike 0-2: Ball 1-2: Fielders Choice at 2nd, 6-4 (Groundball, 6, EV 108.8 MPH)
|
|
Batting: RHB Juan Martínez
|
0-0: Called Strike 0-1: Ball 1-1: Ball 2-1: Foul Ball, location: 5DF 2-2: Foul Ball, location: 7LMF 2-2: Foul Ball, location: 9LSF 2-2: Foul Ball, location: 2F 2-2: Fielders Choice at 2nd, 5-4 (Groundball, 56, EV 106.9 MPH)
|
| Bottom of the 6th over - 0 runs, 0 hits, 0 errors, 1 left on base; Kansas City 8 - Cleveland 1 |
| TOP OF THE 7TH |
|
Kansas City Royals batting - Pitching for Cleveland Guardians : RHP Kenley Jansen
|
|
Batting: RHB Dave García
|
0-0: SOLO HOME RUN (Flyball, 9D, EV 96.9 MPH), Distance : 374 ft
|
|
Batting: SHB Edgardo Medina
|
0-0: Ball 1-0: Ground out U3 (Groundball, 34, EV 100.6 MPH)
|
|
Batting: RHB Jorge Palmeiro
|
0-0: SINGLE (Line Drive, 4D, EV 98.8 MPH)
|
|
Batting: SHB Ismaldo Rodriguez
|
0-0: Ball 1-0: Swinging Strike 1-1: Ball 2-1: Ball 3-1: Swinging Strike 3-2: Foul Ball, location: 2F 3-2: Foul Ball, location: 2F 3-2: Strikes out swinging Jorge Palmeiro is caught stealing 2nd base 2-6 Batter strikes out.
|
| Top of the 7th over - 1 run, 2 hits, 0 errors, 0 left on base; Kansas City 9 - Cleveland 1 |
| BOTTOM OF THE 7TH |
|
Cleveland Guardians batting - Pitching for Kansas City Royals : LHP Colin Rodgers
|
|
Batting: RHB Ernie Jones
|
0-0: Ball 1-0: Ball 2-0: Called Strike 2-1: Fly out, F9 (Line Drive, 9S, EV 93.1 MPH)
|
|
Batting: RHB Vladimir Guerrero Jr.
|
0-0: Called Strike 0-1: Swinging Strike 0-2: Fly out, F8 (Line Drive, 8LM, EV 96.9 MPH)
|
|
Batting: RHB Liam Thompson
|
0-0: Called Strike 0-1: Ball 1-1: Foul Ball, location: 2F 1-2: Ball 2-2: Ball 3-2: Foul Ball, location: 3DF 3-2: Fly out, F3 (Popup, 3SF, EV 72.5 MPH)
|
| Bottom of the 7th over - 0 runs, 0 hits, 0 errors, 0 left on base; Kansas City 9 - Cleveland 1 |
| TOP OF THE 8TH |
|
Kansas City Royals batting - Pitching for Cleveland Guardians : RHP Kenley Jansen
|
|
Batting: SHB Raul Mondesi
|
0-0: Ground out U3 (Groundball, 3, EV 108.8 MPH)
|
|
Batting: RHB Josh Sargent
|
0-0: Foul Ball, location: 2F 0-1: Ball 1-1: Ground out 6-3 (Groundball, 56, EV 70.0 MPH)
|
|
Batting: RHB Wilfredo Rodriguez
|
0-0: Ball 1-0: Ball 2-0: Fly out, F8 (Flyball, 8RD, EV 88.8 MPH)
|
| Top of the 8th over - 0 runs, 0 hits, 0 errors, 0 left on base; Kansas City 9 - Cleveland 1 |
| BOTTOM OF THE 8TH |
|
Cleveland Guardians batting - Pitching for Kansas City Royals : LHP Colin Rodgers
|
|
Batting: RHB Juan González
|
0-0: Ball 1-0: Ball 2-0: Ground out 1-6-3 (Groundball, 15S, EV 92.5 MPH)
|
|
Batting: LHB José Álvarez
|
0-0: Ball 1-0: Foul Ball, location: 5FF 1-1: Foul Ball, location: 7LMF 1-2: Ball 2-2: Ground out 6-3 (Groundball, 6M, EV 101.3 MPH)
|
|
Batting: RHB Ben Ramsey
|
0-0: Swinging Strike 0-1: Foul Ball, location: 9LSF 0-2: Ball 1-2: Foul Ball, location: 9LDF 1-2: Ball 2-2: SINGLE (Line Drive, 78S, EV 96.3 MPH)
|
|
Pitching: RHP Edward Escoboza
|
|
|
Batting: LHB Joe Young
|
0-0: Called Strike 0-1: Ball 1-1: Ball 2-1: SINGLE (Groundball, 13, EV 70.0 MPH) (infield hit) Ben Ramsey to second
|
|
Batting: RHB Jesús Castro
|
0-0: Ball 1-0: Foul Ball, location: 2F 1-1: Ball 2-1: Ground out 6-3 (Groundball, 6M, EV 85.0 MPH)
|
| Bottom of the 8th over - 0 runs, 2 hits, 0 errors, 2 left on base; Kansas City 9 - Cleveland 1 |
| TOP OF THE 9TH |
|
Kansas City Royals batting - Pitching for Cleveland Guardians : RHP Kenley Jansen
|
|
Pitching: RHP Steve Mossman
|
|
|
Batting: RHB Jesús Martínez
|
0-0: Ball 1-0: Ground out 2-3 (Groundball, 2L, EV 71.3 MPH)
|
|
Batting: LHB Forrest Wall
|
0-0: Called Strike 0-1: Ball 1-1: Swinging Strike 1-2: Foul Ball, location: 2F 1-2: Strikes out swinging
|
|
Batting: RHB Dave García
|
0-0: Called Strike 0-1: Foul Ball, location: 3FF 0-2: Ground out 3-1 (Groundball, 34S, EV 77.5 MPH)
|
| Top of the 9th over - 0 runs, 0 hits, 0 errors, 0 left on base; Kansas City 9 - Cleveland 1 |
| BOTTOM OF THE 9TH |
|
Cleveland Guardians batting - Pitching for Kansas City Royals : RHP Edward Escoboza
|
|
Batting: RHB Juan Martínez
|
0-0: Called Strike 0-1: Ball 1-1: Ground out 4-3 (Groundball, 4, EV 102.5 MPH)
|
|
Batting: RHB Ernie Jones
|
0-0: Called Strike 0-1: Ball 1-1: Ball 2-1: Ball 3-1: DOUBLE (Line Drive, 8RXD, EV 106.9 MPH)
|
|
Batting: RHB Vladimir Guerrero Jr.
|
0-0: Called Strike 0-1: Called Strike 0-2: Ball 1-2: Fly out, F3 (Popup, 34, EV 58.1 MPH)
|
|
Pinch Hitting: LHB Joe Wendle
|
0-0: Called Strike 0-1: Called Strike 0-2: Ground out U3 (Groundball, 3L, EV 87.5 MPH)
|
| Bottom of the 9th over - 0 runs, 1 hit, 0 errors, 1 left on base; Kansas City 9 - Cleveland 1 |
|